[ AOE2 MATCH · #470598664 ]
UnrankedKhmer vs Teutons
[ REPLAY ANALYSIS · EXTRACTED FROM THE RECORDED GAME ]
Feudal
18:31
Castle
21:12
Imperial
—
| APM avg | 15.2 |
| APM peak | 59 |
| eAPM avg | 13.0 |
| Villagers / military | 78 / 33 |
Focus
⚔️ 22.9% · 🌾 77.1%
Battle Elephant ×33
Feudal
11:15
Castle
—
Imperial
—
| APM avg | 5.6 |
| APM peak | 53 |
| eAPM avg | 2.8 |
| Villagers / military | 21 / 7 |
Focus
⚔️ 10.8% · 🌾 89.2%
Scout Cavalry ×5 · Spearman ×2
Feudal
12:27
Castle
18:05
Imperial
30:33
| APM avg | 35.7 |
| APM peak | 89 |
| eAPM avg | 19.0 |
| Villagers / military | 79 / 39 |
Focus
⚔️ 30.3% · 🌾 69.7%
Teutonic Knight ×23 · Spearman ×14 · Monk ×2
Feudal
10:59
Castle
24:01
Imperial
—
| APM avg | 9.4 |
| APM peak | 25 |
| eAPM avg | 6.6 |
| Villagers / military | 49 / 10 |
Focus
⚔️ 22.5% · 🌾 77.5%
Unknown (2582) ×15 · Petard ×10 · Unknown (2579) ×9
Feudal
10:27
Castle
16:31
Imperial
—
| APM avg | 28.6 |
| APM peak | 123 |
| eAPM avg | 8.3 |
| Villagers / military | 65 / 36 |
Focus
⚔️ 23.1% · 🌾 76.9%
Longbowman ×19 · Spearman ×11 · Monk ×2 · Mangonel ×2 · Battering Ram ×2 · Trade Cart ×1
Feudal
12:18
Castle
24:56
Imperial
—
| APM avg | 18.8 |
| APM peak | 58 |
| eAPM avg | 8.6 |
| Villagers / military | 30 / 63 |
Focus
⚔️ 42.7% · 🌾 57.3%
Serjeant ×57 · Battering Ram ×6
Feudal
14:16
Castle
26:01
Imperial
—
| APM avg | 17.2 |
| APM peak | 56 |
| eAPM avg | 8.9 |
| Villagers / military | 45 / 7 |
Focus
⚔️ 13.3% · 🌾 86.7%
Scout Cavalry ×7
Feudal
10:43
Castle
19:38
Imperial
31:43
| APM avg | 18.7 |
| APM peak | 53 |
| eAPM avg | 10.7 |
| Villagers / military | 105 / 43 |
Focus
⚔️ 11.1% · 🌾 88.9%
Ghulam ×20 · Hand Cannoneer ×19 · Spearman ×2 · Cavalry Archer ×2
Match map
Initial resources + every placement click. Lines = walls · curves = elevation contours. ◆ gold · ⬟ stone · ● berries · ✦ relic · ◌ wall gap
Inputs per minute
— zeitbinder - - Jezzz_
Build order — zeitbinder
First 150 of 184 actions detected
| 0:08 | Create | Villager (Male) |
| 0:08 | Create | Villager (Male) |
| 0:08 | Create | Villager (Male) |
| 0:08 | Create | Villager (Male) |
| 0:09 | Create | Villager (Male) |
| 0:14 | Research | Loom |
| 0:14 | Create | Villager (Male) |
| 0:14 | Create | Villager (Male) |
| 0:15 | Create | Villager (Male) |
| 0:15 | Create | Villager (Male) |
| 0:15 | Create | Villager (Male) |
| 0:55 | Build | House |
| 0:59 | Build | House |
| 1:00 | Build | House |
| 1:36 | Build | House |
| 1:44 | Build | Mill |
| 2:08 | Create | Villager (Male) |
| 2:09 | Create | Villager (Male) |
| 2:09 | Create | Villager (Male) |
| 2:44 | Create | Villager (Male) |
| 2:44 | Create | Villager (Male) |
| 3:02 | Create | Villager (Male) |
| 3:02 | Create | Villager (Male) |
| 3:37 | Create | Villager (Male) |
| 3:37 | Create | Villager (Male) |
| 3:57 | Create | Villager (Male) |
| 3:57 | Create | Villager (Male) |
| 4:18 | Create | Villager (Male) |
| 4:18 | Create | Villager (Male) |
| 4:18 | Create | Villager (Male) |
| 4:44 | Create | Villager (Male) |
| 4:44 | Create | Villager (Male) |
| 4:53 | Create | Villager (Male) |
| 4:53 | Create | Villager (Male) |
| 5:13 | Create | Villager (Male) |
| 5:13 | Create | Villager (Male) |
| 5:14 | Create | Villager (Male) |
| 6:30 | Create | Villager (Male) |
| 6:30 | Create | Villager (Male) |
| 6:30 | Create | Villager (Male) |
| 6:30 | Create | Villager (Male) |
| 6:42 | Build | House |
| 6:44 | Build | House |
| 7:08 | Build | House |
| 7:14 | Create | Villager (Male) |
| 7:14 | Create | Villager (Male) |
| 7:15 | Create | Villager (Male) |
| 8:04 | Create | Villager (Male) |
| 8:04 | Create | Villager (Male) |
| 8:04 | Create | Villager (Male) |
| 8:05 | Create | Villager (Male) |
| 8:10 | Build | Mining Camp |
| 8:32 | Create | Villager (Male) |
| 8:32 | Create | Villager (Male) |
| 8:32 | Create | Villager (Male) |
| 8:32 | Create | Villager (Male) |
| 8:33 | Create | Villager (Male) |
| 9:15 | Create | Villager (Male) |
| 9:15 | Create | Villager (Male) |
| 9:15 | Create | Villager (Male) |
| 9:58 | Build | Lumber Camp |
| 10:09 | Build | Mining Camp |
| 11:14 | Build | Farm |
| 11:16 | Build | Farm |
| 11:18 | Build | Farm |
| 11:39 | Create | Villager (Male) |
| 11:39 | Create | Villager (Male) |
| 11:39 | Create | Villager (Male) |
| 11:40 | Create | Villager (Male) |
| 12:13 | Build | Farm |
| 12:14 | Build | Farm |
| 12:16 | Build | Farm |
| 12:50 | Create | Villager (Male) |
| 12:50 | Create | Villager (Male) |
| 12:50 | Create | Villager (Male) |
| 13:58 | Build | Farm |
| 14:00 | Build | Farm |
| 14:02 | Build | Farm |
| 14:03 | Build | Farm |
| 14:05 | Build | Farm |
| 14:09 | Build | Farm |
| 14:10 | Build | Farm |
| 14:34 | Create | Villager (Male) |
| 14:35 | Create | Villager (Male) |
| 14:35 | Research | Feudal Age |
| 16:35 | Build | Farm |
| 16:37 | Build | Farm |
| 16:39 | Build | Farm |
| 16:40 | Build | Farm |
| 16:42 | Build | Farm |
| 16:43 | Build | Farm |
| 16:45 | Build | Farm |
| 18:31 | Age | Feudal Age |
| 18:32 | Research | Castle Age |
| 18:33 | Research | Castle Age |
| 18:33 | Research | Castle Age |
| 18:49 | Build | Stone Wall |
| 18:51 | Build | Stone Wall |
| 18:51 | Build | Stone Wall |
| 19:00 | Build | Stable |
| 19:08 | Build | Stable |
| 19:21 | Build | Building 487 |
| 20:56 | Build | House |
| 20:57 | Build | House |
| 20:58 | Build | House |
| 20:59 | Build | House |
| 21:01 | Build | House |
| 21:03 | Build | House |
| 21:11 | Build | House |
| 21:12 | Build | House |
| 21:12 | Age | Castle Age |
| 21:13 | Build | House |
| 21:16 | Research | Horse Collar |
| 21:18 | Research | Wheelbarrow |
| 21:19 | Create | Villager (Male) |
| 21:19 | Create | Villager (Male) |
| 21:19 | Create | Villager (Male) |
| 21:19 | Create | Villager (Male) |
| 21:20 | Create | Villager (Male) |
| 21:25 | Create | Battle Elephant |
| 21:26 | Create | Battle Elephant |
| 21:26 | Create | Battle Elephant |
| 21:38 | Build | Blacksmith |
| 21:43 | Build | University |
| 21:52 | Build | Market |
| 21:56 | Build | Town Center |
| 22:09 | Create | Battle Elephant |
| 22:09 | Create | Battle Elephant |
| 22:09 | Create | Battle Elephant |
| 22:10 | Create | Battle Elephant |
| 22:10 | Create | Battle Elephant |
| 22:15 | Research | Double-Bit Axe |
| 22:18 | Research | Gold Mining |
| 22:25 | Research | Forging |
| 22:26 | Research | Scale Barding Armor |
| 22:53 | Research | Stone Mining |
| 23:01 | Build | Farm |
| 23:29 | Research | Iron Casting |
| 23:37 | Create | Battle Elephant |
| 23:37 | Create | Battle Elephant |
| 23:58 | Research | Bow Saw |
| 25:08 | Build | Stone Wall |
| 25:11 | Build | Building 487 |
| 25:51 | Build | Building 487 |
| 25:54 | Create | Battle Elephant |
| 25:54 | Create | Battle Elephant |
| 25:55 | Create | Battle Elephant |
| 25:55 | Create | Battle Elephant |
| 27:11 | Build | Castle |
| 27:15 | Create | Villager (Male) |
Build order — Jezzz_
58 actions detected in the replay
| 0:28 | Create | Villager (Male) ×4 |
| 1:34 | Build | House |
| 1:35 | Build | House |
| 1:37 | Build | House |
| 1:38 | Build | House |
| 1:43 | Build | House |
| 1:48 | Build | Palisade Wall |
| 1:53 | Build | Building 796 |
| 2:35 | Create | Villager (Male) |
| 2:35 | Create | Villager (Male) |
| 4:26 | Create | Villager (Male) ×2 |
| 6:08 | Create | Villager (Male) ×4 |
| 6:52 | Build | Mill |
| 8:06 | Build | Lumber Camp |
| 8:54 | Build | Mining Camp |
| 9:05 | Research | Feudal Age |
| 11:15 | Age | Feudal Age |
| 11:28 | Build | Mining Camp |
| 11:48 | Research | Horse Collar |
| 11:51 | Research | Double-Bit Axe |
| 12:12 | Create | Villager (Male) |
| 12:12 | Create | Villager (Male) |
| 13:01 | Build | Stone Wall |
| 13:16 | Build | Building 490 |
| 13:29 | Create | Villager (Male) ×2 |
| 13:48 | Create | Villager (Male) |
| 14:42 | Build | Barracks |
| 14:51 | Create | Villager (Male) |
| 14:52 | Create | Villager (Male) |
| 14:59 | Create | Villager (Male) |
| 15:24 | Build | Farm |
| 15:32 | Build | Farm |
| 15:34 | Build | Farm |
| 15:36 | Build | Farm |
| 15:37 | Build | Farm |
| 15:43 | Create | Villager (Male) |
| 16:04 | Build | Archery Range |
| 16:10 | Build | Stable |
| 16:27 | Build | Farm |
| 16:35 | Build | Farm |
| 17:52 | Build | Stone Wall |
| 17:58 | Build | Stone Wall |
| 18:05 | Build | Building 490 |
| 18:30 | Build | House |
| 18:31 | Build | House |
| 18:32 | Build | House |
| 18:33 | Build | House |
| 18:35 | Build | House |
| 18:36 | Build | House |
| 18:39 | Build | House |
| 18:41 | Build | House |
| 18:42 | Build | House |
| 19:20 | Research | Wheelbarrow |
| 19:39 | Create | Scout Cavalry ×5 |
| 19:42 | Create | Spearman ×2 |
| 19:53 | Build | Watch Tower |
| 19:56 | Build | Watch Tower |
| 20:16 | Build | Stone Wall |
Build order — 安仁
First 150 of 240 actions detected
| 0:06 | Build | House |
| 0:07 | Build | House |
| 0:11 | Build | House |
| 0:12 | Build | House |
| 0:15 | Create | Villager (Male) |
| 0:15 | Create | Villager (Male) |
| 0:15 | Create | Villager (Male) |
| 0:15 | Create | Villager (Male) |
| 0:16 | Create | Villager (Male) |
| 0:17 | Research | Loom |
| 0:57 | Build | Lumber Camp |
| 2:07 | Create | Villager (Male) |
| 2:07 | Create | Villager (Male) |
| 2:53 | Create | Villager (Male) |
| 2:53 | Create | Villager (Male) |
| 3:13 | Create | Villager (Male) |
| 3:13 | Create | Villager (Male) |
| 4:24 | Create | Villager (Male) |
| 4:24 | Create | Villager (Male) |
| 4:25 | Create | Villager (Male) |
| 4:38 | Build | Palisade Wall |
| 4:58 | Build | Building 796 |
| 5:12 | Create | Villager (Male) |
| 5:12 | Create | Villager (Male) |
| 5:39 | Build | Mill |
| 5:57 | Create | Villager (Male) |
| 5:57 | Create | Villager (Male) |
| 5:57 | Create | Villager (Male) |
| 5:57 | Create | Villager (Male) |
| 6:15 | Create | Villager (Male) |
| 6:15 | Create | Villager (Male) |
| 6:15 | Create | Villager (Male) |
| 6:53 | Create | Villager (Male) |
| 6:53 | Create | Villager (Male) |
| 6:53 | Create | Villager (Male) |
| 8:31 | Build | Mining Camp |
| 9:02 | Create | Villager (Male) |
| 9:02 | Create | Villager (Male) |
| 9:35 | Create | Villager (Male) |
| 10:06 | Research | Feudal Age |
| 10:11 | Build | Mining Camp |
| 11:18 | Build | Farm |
| 11:18 | Build | Farm |
| 11:18 | Build | Farm |
| 11:22 | Build | Farm |
| 11:58 | Create | Villager (Male) |
| 11:59 | Create | Villager (Male) |
| 12:23 | Create | Villager (Male) |
| 12:27 | Age | Feudal Age |
| 12:27 | Build | House |
| 12:33 | Build | Market |
| 12:50 | Create | Villager (Male) |
| 13:00 | Build | Farm |
| 13:04 | Build | Farm |
| 13:35 | Build | Farm |
| 13:39 | Build | Farm |
| 13:43 | Build | Farm |
| 13:45 | Create | Villager (Male) |
| 13:45 | Create | Villager (Male) |
| 13:54 | Build | House |
| 13:55 | Build | House |
| 13:56 | Build | House |
| 14:13 | Build | Blacksmith |
| 14:21 | Build | Farm |
| 14:27 | Create | Villager (Male) |
| 15:25 | Research | Castle Age |
| 15:26 | Research | Castle Age |
| 15:41 | Build | House |
| 15:42 | Build | House |
| 15:45 | Build | House |
| 16:25 | Research | Double-Bit Axe |
| 16:27 | Create | Villager (Male) |
| 16:28 | Create | Villager (Male) |
| 16:33 | Create | Villager (Male) |
| 16:33 | Create | Villager (Male) |
| 17:03 | Build | Outpost |
| 17:08 | Build | Outpost |
| 17:25 | Research | Horse Collar |
| 18:05 | Age | Castle Age |
| 18:32 | Create | Villager (Male) |
| 18:32 | Create | Villager (Male) |
| 18:57 | Build | Town Center |
| 19:02 | Research | Bow Saw |
| 19:18 | Build | Town Center |
| 19:29 | Build | Outpost |
| 19:49 | Create | Villager (Male) |
| 19:49 | Create | Villager (Male) |
| 20:10 | Create | Villager (Male) |
| 20:10 | Create | Villager (Male) |
| 20:31 | Create | Villager (Male) |
| 20:31 | Create | Villager (Male) |
| 20:31 | Create | Villager (Male) |
| 20:31 | Create | Villager (Male) |
| 20:34 | Create | Villager (Male) |
| 21:00 | Build | Farm |
| 21:02 | Create | Villager (Male) |
| 21:02 | Create | Villager (Male) |
| 21:22 | Create | Villager (Male) |
| 21:22 | Create | Villager (Male) |
| 21:22 | Create | Villager (Male) |
| 21:22 | Create | Villager (Male) |
| 21:24 | Create | Villager (Male) |
| 21:28 | Build | Farm |
| 21:44 | Create | Villager (Male) |
| 21:49 | Build | Farm |
| 21:56 | Build | Farm |
| 22:00 | Research | Wheelbarrow |
| 22:07 | Build | Farm |
| 22:07 | Build | Farm |
| 22:07 | Build | Farm |
| 22:07 | Build | Farm |
| 22:07 | Build | Farm |
| 22:09 | Build | Farm |
| 22:09 | Build | Farm |
| 22:25 | Build | Farm |
| 22:28 | Build | Farm |
| 22:44 | Build | Farm |
| 22:47 | Build | Farm |
| 22:52 | Build | Farm |
| 22:59 | Create | Villager (Male) |
| 23:00 | Create | Villager (Male) |
| 23:19 | Build | Monastery |
| 23:26 | Build | Monastery |
| 23:28 | Build | Farm |
| 23:32 | Create | Villager (Male) |
| 23:33 | Create | Villager (Male) |
| 23:40 | Build | Farm |
| 23:51 | Create | Villager (Male) |
| 23:52 | Create | Villager (Male) |
| 23:53 | Research | Hand Cart |
| 23:56 | Build | Farm |
| 24:01 | Build | Farm |
| 24:05 | Build | Farm |
| 24:23 | Build | Farm |
| 24:35 | Build | House |
| 24:36 | Build | House |
| 24:36 | Build | House |
| 24:40 | Build | House |
| 24:49 | Create | Villager (Male) |
| 24:49 | Create | Villager (Male) |
| 24:49 | Create | Villager (Male) |
| 24:50 | Create | Villager (Male) |
| 24:50 | Create | Villager (Male) |
| 24:50 | Create | Villager (Male) |
| 25:05 | Create | Villager (Male) |
| 25:05 | Create | Villager (Male) |
| 25:06 | Create | Villager (Male) |
| 25:11 | Build | Castle |
| 25:25 | Build | Lumber Camp |
| 25:32 | Create | Villager (Male) |
Build order — Sauleta
144 actions detected in the replay
| 0:05 | Create | Villager (Male) |
| 0:06 | Research | Loom |
| 0:07 | Create | Villager (Male) |
| 0:07 | Create | Villager (Male) |
| 0:08 | Create | Villager (Male) |
| 0:32 | Build | House |
| 0:38 | Build | House |
| 4:04 | Create | Villager (Male) |
| 4:35 | Create | Villager (Male) |
| 5:05 | Create | Villager (Male) |
| 5:33 | Create | Villager (Male) |
| 6:14 | Build | Settlement |
| 6:32 | Create | Villager (Male) |
| 6:49 | Build | Settlement |
| 6:59 | Create | Villager (Male) |
| 7:31 | Create | Villager (Male) |
| 8:00 | Create | Villager (Male) |
| 8:49 | Research | Feudal Age |
| 10:59 | Age | Feudal Age |
| 11:04 | Research | Town Watch |
| 11:05 | Create | Villager (Male) |
| 12:09 | Create | Villager (Male) |
| 12:43 | Build | Settlement |
| 13:01 | Create | Villager (Male) |
| 13:12 | Build | House |
| 13:15 | Build | House |
| 13:32 | Create | Villager (Male) |
| 14:04 | Create | Villager (Male) |
| 14:33 | Build | Stone Wall |
| 14:35 | Build | Stone Wall |
| 14:36 | Build | Stone Wall |
| 14:44 | Build | Building 490 |
| 14:45 | Build | Stone Wall |
| 14:46 | Build | Stone Wall |
| 14:48 | Build | Building 490 |
| 14:50 | Build | Stone Wall |
| 14:56 | Create | Villager (Male) |
| 15:27 | Create | Villager (Male) |
| 16:13 | Create | Villager (Male) |
| 16:59 | Build | Market |
| 17:02 | Create | Villager (Male) |
| 18:03 | Build | Market |
| 18:36 | Build | Stone Wall |
| 18:41 | Build | Building 490 |
| 18:44 | Build | Stone Wall |
| 18:48 | Build | Building 490 |
| 18:52 | Build | Stone Wall |
| 19:17 | Create | Villager (Male) |
| 19:46 | Build | Blacksmith |
| 21:05 | Build | Barracks |
| 21:21 | Research | Castle Age |
| 21:42 | Build | Farm |
| 21:45 | Build | Farm |
| 21:47 | Build | Farm |
| 21:50 | Build | Farm |
| 22:58 | Build | Archery Range |
| 24:01 | Age | Castle Age |
| 24:08 | Build | Castle |
| 24:12 | Create | Unit 2582 |
| 24:12 | Create | Unit 2582 |
| 24:15 | Create | Petard |
| 24:16 | Create | Petard |
| 24:31 | Create | Villager (Male) |
| 24:58 | Create | Petard |
| 25:00 | Create | Unit 2582 |
| 25:07 | Build | Farm |
| 25:11 | Create | Villager (Male) |
| 25:56 | Build | Town Center |
| 26:26 | Create | Villager (Male) |
| 26:39 | Build | Farm |
| 26:43 | Build | Farm |
| 26:48 | Build | Farm |
| 27:14 | Create | Villager (Male) |
| 27:48 | Build | Farm |
| 27:50 | Build | Farm |
| 27:54 | Create | Villager (Male) |
| 27:57 | Create | Villager (Male) |
| 28:50 | Create | Villager (Male) |
| 28:53 | Create | Villager (Male) |
| 29:15 | Build | Town Center |
| 29:27 | Build | Farm |
| 29:35 | Create | Villager (Male) |
| 29:37 | Create | Villager (Male) |
| 29:42 | Create | Unit 2582 |
| 29:43 | Create | Unit 2582 |
| 29:44 | Create | Unit 2582 |
| 29:45 | Create | Unit 2582 |
| 29:48 | Create | Unit 2582 |
| 29:52 | Create | Unit 2582 |
| 29:53 | Create | Unit 2582 |
| 30:09 | Build | Farm |
| 30:10 | Build | Farm |
| 30:36 | Build | Farm |
| 30:55 | Create | Villager (Male) |
| 30:58 | Create | Villager (Male) |
| 31:10 | Create | Unit 2579 |
| 31:11 | Create | Unit 2579 |
| 31:12 | Create | Unit 2579 |
| 31:13 | Create | Unit 2579 |
| 31:22 | Create | Petard |
| 31:23 | Create | Petard |
| 31:39 | Create | Villager (Male) |
| 31:42 | Create | Villager (Male) |
| 31:53 | Create | Petard |
| 32:03 | Create | Villager (Male) |
| 32:11 | Create | Petard |
| 32:14 | Create | Unit 2582 |
| 32:18 | Build | Farm |
| 32:21 | Build | Farm |
| 32:24 | Build | Farm |
| 32:31 | Create | Villager (Male) |
| 32:45 | Create | Unit 2579 |
| 32:48 | Create | Unit 2582 |
| 32:52 | Create | Villager (Male) |
| 32:59 | Create | Villager (Male) |
| 33:23 | Build | Farm |
| 33:33 | Build | Farm |
| 33:37 | Create | Villager (Male) |
| 33:40 | Create | Villager (Male) |
| 33:42 | Create | Villager (Male) |
| 33:46 | Create | Unit 2579 |
| 33:46 | Create | Unit 2579 |
| 33:48 | Create | Petard |
| 33:51 | Create | Unit 2582 |
| 34:11 | Research | Fletching |
| 34:22 | Build | Farm |
| 34:23 | Build | Farm |
| 34:31 | Build | Farm |
| 34:35 | Create | Villager (Male) |
| 34:37 | Create | Villager (Male) |
| 34:39 | Create | Villager (Male) |
| 35:02 | Research | Scale Mail Armor |
| 35:18 | Build | Farm |
| 35:19 | Build | Farm |
| 35:28 | Build | Farm |
| 35:31 | Create | Villager (Male) |
| 35:33 | Create | Villager (Male) |
| 35:36 | Create | Villager (Male) |
| 36:28 | Create | Unit 2582 |
| 36:28 | Create | Unit 2582 |
| 36:31 | Create | Petard |
| 36:31 | Create | Petard |
| 36:35 | Create | Unit 2579 |
| 36:35 | Create | Unit 2579 |
Build order — 折风月
First 150 of 160 actions detected
| 0:10 | Create | Villager (Male) |
| 0:10 | Create | Villager (Male) |
| 0:10 | Create | Villager (Male) |
| 0:11 | Create | Villager (Male) |
| 0:14 | Build | House |
| 0:15 | Build | House |
| 0:16 | Build | House |
| 0:18 | Build | House |
| 1:40 | Create | Villager (Male) |
| 2:08 | Create | Villager (Male) |
| 2:25 | Create | Villager (Male) |
| 2:48 | Create | Villager (Male) |
| 3:07 | Create | Villager (Male) |
| 3:07 | Create | Villager (Male) |
| 3:32 | Create | Villager (Male) |
| 3:55 | Create | Villager (Male) |
| 3:55 | Create | Villager (Male) |
| 4:07 | Build | Mill |
| 4:25 | Create | Villager (Male) |
| 4:26 | Create | Villager (Male) |
| 4:26 | Create | Villager (Male) |
| 5:16 | Create | Villager (Male) |
| 5:17 | Create | Villager (Male) |
| 6:22 | Build | Palisade Wall |
| 6:26 | Build | Palisade Gate |
| 7:13 | Build | Lumber Camp |
| 8:17 | Research | Feudal Age |
| 8:29 | Build | Mining Camp |
| 9:46 | Build | Mill |
| 10:27 | Age | Feudal Age |
| 11:52 | Build | Blacksmith |
| 12:22 | Build | Market |
| 12:26 | Create | Villager (Male) |
| 12:28 | Create | Villager (Male) |
| 13:51 | Research | Castle Age |
| 16:31 | Age | Castle Age |
| 16:38 | Build | Town Center |
| 17:07 | Build | Stone Wall |
| 17:21 | Create | Villager (Male) |
| 17:21 | Create | Villager (Male) |
| 17:21 | Create | Villager (Male) |
| 17:22 | Create | Villager (Male) |
| 17:23 | Create | Villager (Male) |
| 17:23 | Create | Villager (Male) |
| 17:52 | Build | Monastery |
| 18:55 | Build | Lumber Camp |
| 19:01 | Create | Monk |
| 19:16 | Create | Villager (Male) |
| 19:16 | Create | Villager (Male) |
| 19:16 | Create | Villager (Male) |
| 19:16 | Create | Villager (Male) |
| 19:17 | Create | Villager (Male) |
| 19:17 | Create | Villager (Male) |
| 19:17 | Create | Villager (Male) |
| 19:18 | Create | Villager (Male) |
| 19:18 | Create | Villager (Male) |
| 19:55 | Build | House |
| 19:56 | Build | House |
| 19:57 | Build | House |
| 21:25 | Build | Building 487 |
| 21:36 | Build | Stone Wall |
| 21:52 | Build | University |
| 21:54 | Create | Monk |
| 23:12 | Build | Castle |
| 23:42 | Build | Stone Wall |
| 23:47 | Build | Building 487 |
| 24:03 | Build | Farm |
| 24:39 | Create | Villager (Male) |
| 24:59 | Create | Longbowman |
| 24:59 | Create | Longbowman |
| 24:59 | Create | Longbowman |
| 25:00 | Create | Longbowman |
| 25:00 | Create | Longbowman |
| 25:00 | Create | Longbowman |
| 25:01 | Create | Longbowman |
| 25:01 | Create | Longbowman |
| 25:01 | Create | Longbowman |
| 25:02 | Create | Longbowman |
| 25:44 | Build | Barracks |
| 26:39 | Create | Longbowman |
| 26:39 | Create | Longbowman |
| 26:39 | Create | Longbowman |
| 26:40 | Create | Longbowman |
| 26:40 | Create | Longbowman |
| 27:01 | Research | Fletching |
| 27:01 | Research | Padded Archer Armor |
| 27:25 | Build | Barracks |
| 27:26 | Build | Barracks |
| 27:27 | Build | Barracks |
| 27:53 | Create | Villager (Male) |
| 27:58 | Build | Farm |
| 28:30 | Build | Siege Workshop |
| 28:41 | Build | Farm |
| 29:27 | Build | Farm |
| 29:29 | Create | Spearman |
| 29:29 | Create | Spearman |
| 29:30 | Create | Spearman |
| 29:30 | Create | Spearman |
| 29:31 | Create | Spearman |
| 29:31 | Create | Spearman |
| 29:33 | Create | Spearman |
| 29:33 | Create | Spearman |
| 29:33 | Create | Spearman |
| 29:34 | Create | Spearman |
| 29:34 | Create | Spearman |
| 30:26 | Create | Villager (Male) |
| 30:26 | Create | Villager (Male) |
| 30:27 | Create | Villager (Male) |
| 30:27 | Create | Villager (Male) |
| 30:27 | Create | Villager (Male) |
| 30:28 | Create | Villager (Male) |
| 30:37 | Create | Villager (Male) |
| 30:38 | Create | Villager (Male) |
| 30:38 | Create | Villager (Male) |
| 30:38 | Create | Villager (Male) |
| 30:39 | Create | Villager (Male) |
| 30:39 | Create | Villager (Male) |
| 30:39 | Create | Villager (Male) |
| 30:39 | Create | Villager (Male) |
| 30:40 | Create | Villager (Male) |
| 30:48 | Build | Town Center |
| 30:58 | Build | Farm |
| 31:28 | Build | Farm |
| 31:46 | Create | Trade Cart |
| 32:07 | Create | Longbowman |
| 32:07 | Create | Longbowman |
| 32:08 | Create | Longbowman |
| 32:08 | Create | Longbowman |
| 32:11 | Build | Farm |
| 32:14 | Build | Farm |
| 32:31 | Create | Villager (Male) |
| 32:31 | Create | Villager (Male) |
| 32:32 | Create | Villager (Male) |
| 32:37 | Build | Farm |
| 33:02 | Build | Farm |
| 33:06 | Create | Villager (Male) |
| 33:53 | Create | Mangonel |
| 33:54 | Create | Mangonel |
| 34:03 | Create | Villager (Male) |
| 34:04 | Create | Villager (Male) |
| 34:04 | Create | Villager (Male) |
| 34:04 | Create | Villager (Male) |
| 34:41 | Build | Farm |
| 34:44 | Build | Farm |
| 34:47 | Build | Farm |
| 34:51 | Build | Farm |
| 34:55 | Create | Villager (Male) |
| 34:55 | Create | Villager (Male) |
| 34:56 | Create | Villager (Male) |
| 35:12 | Build | House |
Build order — 无敌小曾生
131 actions detected in the replay
| 0:06 | Build | House |
| 0:07 | Build | House |
| 0:09 | Build | House |
| 0:16 | Create | Villager (Male) |
| 0:16 | Create | Villager (Male) |
| 0:17 | Create | Villager (Male) |
| 0:17 | Create | Villager (Male) |
| 0:17 | Create | Villager (Male) |
| 1:52 | Create | Villager (Male) |
| 2:33 | Build | Lumber Camp |
| 2:39 | Create | Villager (Male) |
| 2:39 | Create | Villager (Male) |
| 2:39 | Create | Villager (Male) |
| 2:55 | Create | Villager (Male) |
| 3:15 | Create | Villager (Male) |
| 3:47 | Create | Villager (Male) |
| 4:10 | Create | Villager (Male) |
| 4:37 | Create | Villager (Male) |
| 5:00 | Research | Loom |
| 5:50 | Create | Villager (Male) |
| 6:10 | Create | Villager (Male) |
| 6:31 | Build | House |
| 6:32 | Build | House |
| 6:33 | Build | House |
| 6:36 | Build | House |
| 6:49 | Create | Villager (Male) |
| 7:00 | Build | Mill |
| 7:03 | Create | Villager (Male) |
| 8:04 | Create | Villager (Male) |
| 8:35 | Build | Mining Camp |
| 9:16 | Create | Villager (Male) |
| 9:39 | Build | Farm |
| 9:39 | Build | Farm |
| 9:40 | Build | Farm |
| 9:40 | Build | Farm |
| 9:41 | Build | Farm |
| 9:41 | Build | Farm |
| 9:51 | Build | Farm |
| 9:51 | Build | Farm |
| 10:08 | Research | Feudal Age |
| 12:18 | Age | Feudal Age |
| 12:25 | Create | Villager (Male) |
| 12:27 | Create | Villager (Male) |
| 12:33 | Research | Double-Bit Axe |
| 12:37 | Research | Horse Collar |
| 13:31 | Build | Donjon |
| 13:50 | Create | Villager (Male) |
| 13:51 | Create | Villager (Male) |
| 14:02 | Build | Barracks |
| 14:21 | Build | Blacksmith |
| 14:54 | Build | Mining Camp |
| 15:06 | Create | Serjeant |
| 15:07 | Create | Serjeant |
| 15:08 | Create | Serjeant |
| 15:09 | Create | Serjeant |
| 15:10 | Create | Serjeant |
| 15:11 | Create | Serjeant |
| 15:12 | Create | Serjeant |
| 15:18 | Research | Arson |
| 15:22 | Research | Scale Mail Armor |
| 15:26 | Create | Villager (Male) |
| 15:46 | Build | House |
| 15:46 | Build | House |
| 15:47 | Build | House |
| 15:49 | Build | House |
| 15:58 | Research | Forging |
| 16:07 | Create | Serjeant |
| 16:41 | Create | Serjeant |
| 17:42 | Create | Serjeant |
| 19:18 | Build | Stone Wall |
| 19:23 | Build | Building 487 |
| 21:26 | Build | Market |
| 22:16 | Research | Castle Age |
| 22:25 | Create | Serjeant ×5 |
| 22:25 | Create | Serjeant ×5 |
| 22:26 | Create | Serjeant ×5 |
| 22:26 | Create | Serjeant ×4 |
| 22:26 | Create | Serjeant |
| 24:01 | Build | Donjon |
| 24:56 | Age | Castle Age |
| 25:37 | Create | Serjeant |
| 25:38 | Create | Serjeant |
| 25:38 | Create | Serjeant |
| 25:38 | Create | Serjeant |
| 25:38 | Create | Serjeant |
| 25:45 | Research | Squires |
| 25:48 | Research | Chain Mail Armor |
| 26:17 | Research | Iron Casting |
| 27:45 | Create | Villager (Male) |
| 27:45 | Create | Villager (Male) |
| 27:45 | Create | Villager (Male) |
| 27:45 | Create | Villager (Male) |
| 27:46 | Create | Villager (Male) |
| 28:10 | Build | Donjon |
| 28:41 | Create | Serjeant |
| 28:42 | Create | Serjeant |
| 28:42 | Create | Serjeant |
| 28:42 | Create | Serjeant |
| 28:42 | Create | Serjeant |
| 28:42 | Create | Serjeant |
| 30:20 | Create | Serjeant |
| 30:21 | Create | Serjeant |
| 30:21 | Create | Serjeant |
| 30:22 | Create | Serjeant |
| 30:22 | Create | Serjeant |
| 30:28 | Build | House |
| 30:29 | Build | House |
| 30:30 | Build | House |
| 30:31 | Build | House |
| 30:33 | Build | House |
| 30:35 | Build | House |
| 30:50 | Create | Serjeant |
| 30:50 | Create | Serjeant |
| 30:50 | Create | Serjeant |
| 31:26 | Build | Siege Workshop |
| 31:28 | Build | Siege Workshop |
| 31:35 | Create | Serjeant |
| 31:35 | Create | Serjeant |
| 31:54 | Create | Battering Ram |
| 32:28 | Build | Mining Camp |
| 32:30 | Create | Battering Ram |
| 32:31 | Create | Battering Ram |
| 33:06 | Create | Serjeant |
| 33:19 | Create | Battering Ram |
| 33:38 | Create | Serjeant |
| 33:38 | Create | Serjeant |
| 33:38 | Create | Serjeant |
| 33:38 | Create | Serjeant |
| 33:39 | Create | Serjeant |
| 34:11 | Create | Battering Ram |
| 35:32 | Create | Battering Ram |
Build order — jpgoicochea6
109 actions detected in the replay
| 0:17 | Build | House |
| 0:18 | Create | Villager (Male) |
| 0:18 | Create | Villager (Male) |
| 0:18 | Create | Villager (Male) |
| 0:19 | Create | Villager (Male) |
| 0:19 | Create | Villager (Male) |
| 0:21 | Build | House |
| 1:29 | Build | Palisade Wall |
| 2:01 | Create | Villager (Male) |
| 2:02 | Create | Villager (Male) |
| 2:08 | Build | Lumber Camp |
| 2:31 | Create | Villager (Male) |
| 3:32 | Create | Villager (Male) |
| 3:32 | Create | Villager (Male) |
| 4:32 | Create | Villager (Male) |
| 4:32 | Create | Villager (Male) |
| 4:55 | Build | House |
| 4:58 | Build | House |
| 5:13 | Research | Loom |
| 5:31 | Create | Villager (Male) |
| 5:44 | Build | Palisade Gate |
| 5:47 | Build | House |
| 5:49 | Build | House |
| 5:50 | Build | House |
| 5:58 | Create | Villager (Male) |
| 7:14 | Create | Villager (Male) |
| 7:29 | Create | Villager (Male) |
| 8:09 | Build | Mill |
| 8:36 | Create | Villager (Male) |
| 8:58 | Build | Barracks |
| 9:12 | Create | Villager (Male) |
| 9:50 | Build | Mining Camp |
| 9:54 | Create | Villager (Male) |
| 10:24 | Create | Villager (Male) |
| 10:57 | Build | Mining Camp |
| 11:17 | Create | Villager (Male) |
| 11:51 | Build | Mining Camp |
| 12:06 | Research | Feudal Age |
| 12:44 | Build | Outpost |
| 12:46 | Build | Outpost |
| 14:06 | Create | Villager (Male) |
| 14:09 | Create | Villager (Male) |
| 14:16 | Age | Feudal Age |
| 14:30 | Build | Stable |
| 14:40 | Create | Villager (Male) |
| 14:45 | Build | House |
| 14:46 | Build | House |
| 14:48 | Build | House |
| 14:51 | Build | House |
| 14:52 | Build | House |
| 14:56 | Create | Villager (Male) |
| 15:11 | Build | Lumber Camp |
| 15:18 | Create | Villager (Male) |
| 15:40 | Create | Scout Cavalry |
| 15:51 | Create | Scout Cavalry |
| 16:05 | Create | Villager (Male) |
| 16:28 | Create | Villager (Male) |
| 17:09 | Build | Stone Wall |
| 17:41 | Build | Building 487 |
| 17:47 | Create | Villager (Male) |
| 18:08 | Build | Watch Tower |
| 18:30 | Build | Watch Tower |
| 18:40 | Build | House |
| 19:01 | Build | House |
| 19:08 | Create | Villager (Male) |
| 19:33 | Create | Villager (Male) |
| 19:40 | Build | Farm |
| 19:42 | Create | Villager (Male) |
| 19:47 | Create | Scout Cavalry |
| 19:48 | Create | Scout Cavalry |
| 19:48 | Create | Scout Cavalry |
| 19:48 | Create | Scout Cavalry |
| 19:59 | Build | Mill |
| 20:06 | Build | Farm |
| 20:15 | Build | Market |
| 21:42 | Build | Farm |
| 22:00 | Build | Farm |
| 22:03 | Build | Farm |
| 22:08 | Create | Villager (Male) |
| 22:50 | Build | Farm |
| 22:54 | Build | Farm |
| 22:56 | Create | Villager (Male) |
| 22:59 | Create | Villager (Male) |
| 23:09 | Build | Farm |
| 23:18 | Research | Castle Age |
| 23:34 | Create | Scout Cavalry |
| 24:18 | Build | Farm |
| 24:26 | Build | Farm |
| 24:28 | Build | Farm |
| 24:29 | Build | Farm |
| 24:34 | Build | Farm |
| 24:36 | Build | Farm |
| 25:59 | Create | Villager (Male) |
| 26:01 | Age | Castle Age |
| 26:29 | Build | Town Center |
| 26:44 | Build | Blacksmith |
| 26:47 | Build | House |
| 26:51 | Build | House |
| 27:02 | Build | University |
| 27:56 | Research | Double-Bit Axe |
| 28:07 | Create | Villager (Male) |
| 28:07 | Create | Villager (Male) |
| 28:07 | Create | Villager (Male) |
| 28:07 | Create | Villager (Male) |
| 28:08 | Create | Villager (Male) |
| 28:08 | Create | Villager (Male) |
| 28:45 | Create | Villager (Male) |
| 28:45 | Create | Villager (Male) |
| 28:46 | Create | Villager (Male) |
Build order — 杀我对友别杀我
First 150 of 235 actions detected
| 0:06 | Build | House |
| 0:07 | Build | House |
| 0:08 | Build | House |
| 0:10 | Build | House |
| 0:12 | Create | Villager (Male) ×4 |
| 0:13 | Create | Villager (Male) ×4 |
| 1:47 | Create | Villager (Male) |
| 2:25 | Create | Villager (Male) |
| 2:51 | Create | Villager (Male) |
| 3:21 | Create | Villager (Male) |
| 3:21 | Create | Villager (Male) |
| 3:57 | Build | Palisade Wall |
| 4:00 | Build | Building 796 |
| 4:08 | Create | Villager (Male) |
| 4:08 | Create | Villager (Male) |
| 4:09 | Create | Villager (Male) |
| 5:27 | Create | Villager (Male) ×3 |
| 6:26 | Build | Lumber Camp |
| 6:30 | Create | Villager (Male) |
| 6:31 | Create | Villager (Male) |
| 7:29 | Create | Villager (Male) |
| 7:51 | Build | Mill |
| 8:02 | Create | Villager (Male) |
| 8:33 | Research | Feudal Age |
| 8:38 | Build | Farm |
| 9:01 | Build | Mining Camp |
| 9:12 | Create | Villager (Male) |
| 9:21 | Create | Villager (Male) |
| 9:25 | Create | Villager (Male) |
| 9:42 | Build | House |
| 9:43 | Build | House |
| 9:44 | Build | House |
| 9:47 | Build | House |
| 10:43 | Age | Feudal Age |
| 10:59 | Create | Villager (Male) |
| 11:03 | Research | Double-Bit Axe |
| 11:13 | Build | Mill |
| 11:31 | Create | Villager (Male) |
| 11:43 | Build | Farm |
| 11:54 | Create | Villager (Male) |
| 12:16 | Create | Villager (Male) |
| 12:19 | Create | Villager (Male) |
| 12:28 | Build | House |
| 12:29 | Build | House |
| 12:32 | Create | Villager (Male) |
| 12:53 | Create | Villager (Male) |
| 13:01 | Build | Blacksmith |
| 13:40 | Create | Villager (Male) |
| 14:09 | Build | Market |
| 14:39 | Research | Horse Collar |
| 14:44 | Build | Farm |
| 14:44 | Build | Farm |
| 14:59 | Build | Farm |
| 15:06 | Create | Villager (Male) |
| 15:16 | Build | Mining Camp |
| 15:23 | Build | Farm |
| 15:47 | Create | Villager (Male) |
| 15:50 | Build | Farm |
| 16:25 | Create | Villager (Male) |
| 16:54 | Build | Farm |
| 16:58 | Research | Castle Age |
| 17:15 | Build | Barracks |
| 18:30 | Build | Archery Range |
| 18:33 | Build | Archery Range |
| 18:44 | Research | Stone Mining |
| 18:44 | Research | Gold Mining |
| 19:31 | Build | Building 490 |
| 19:37 | Build | Stone Wall |
| 19:38 | Age | Castle Age |
| 19:47 | Build | Town Center |
| 19:54 | Build | Farm |
| 19:54 | Build | Farm |
| 19:55 | Build | Farm |
| 19:55 | Build | Farm |
| 19:56 | Build | Farm |
| 19:57 | Build | Farm |
| 20:28 | Create | Villager (Male) ×5 |
| 20:35 | Create | Villager (Male) ×5 |
| 21:03 | Research | Heavy Plow |
| 21:08 | Research | Bow Saw |
| 21:14 | Create | Villager (Male) |
| 21:37 | Build | Mining Camp |
| 22:20 | Build | Farm |
| 22:20 | Build | Farm |
| 22:54 | Build | Town Center |
| 23:05 | Create | Villager (Male) |
| 23:06 | Create | Villager (Male) |
| 23:08 | Create | Villager (Male) |
| 23:09 | Create | Villager (Male) |
| 23:26 | Create | Villager (Male) |
| 23:29 | Create | Villager (Male) |
| 23:55 | Build | Farm |
| 23:58 | Build | Farm |
| 24:28 | Create | Villager (Male) |
| 24:28 | Create | Villager (Male) |
| 24:31 | Create | Villager (Male) |
| 24:32 | Create | Villager (Male) |
| 25:07 | Build | House |
| 25:09 | Build | House |
| 25:10 | Build | House |
| 25:11 | Build | House |
| 25:13 | Build | House |
| 25:15 | Build | House |
| 25:18 | Build | House |
| 25:19 | Build | House |
| 25:28 | Create | Villager (Male) ×5 |
| 25:37 | Create | Villager (Male) |
| 25:37 | Create | Villager (Male) |
| 25:42 | Build | Farm |
| 25:42 | Build | Farm |
| 25:43 | Build | Farm |
| 25:44 | Build | Farm |
| 25:56 | Build | University |
| 26:55 | Create | Villager (Male) |
| 27:14 | Build | Castle |
| 27:21 | Build | Monastery |
| 27:24 | Create | Villager (Male) |
| 27:24 | Create | Villager (Male) |
| 27:27 | Create | Villager (Male) |
| 27:27 | Create | Villager (Male) |
| 27:36 | Research | Pikeman (upgrade) |
| 27:37 | Create | Spearman |
| 27:37 | Create | Spearman |
| 27:48 | Create | Cavalry Archer |
| 27:49 | Create | Cavalry Archer |
| 28:33 | Research | Imperial Age |
| 28:36 | Create | Villager (Male) |
| 28:36 | Create | Villager (Male) |
| 28:42 | Create | Villager (Male) |
| 28:42 | Create | Villager (Male) |
| 28:42 | Create | Villager (Male) |
| 28:43 | Create | Villager (Male) |
| 29:00 | Research | Masonry |
| 29:01 | Research | Ballistics |
| 29:13 | Create | Villager (Male) |
| 29:14 | Create | Villager (Male) |
| 29:14 | Create | Villager (Male) |
| 29:20 | Build | House |
| 29:21 | Build | House |
| 29:22 | Build | House |
| 29:23 | Build | House |
| 29:24 | Build | House |
| 29:27 | Build | House |
| 29:28 | Build | House |
| 29:29 | Build | House |
| 29:30 | Build | House |
| 29:38 | Create | Villager (Male) |
| 29:42 | Create | Villager (Male) |
| 29:42 | Create | Villager (Male) |
| 29:42 | Create | Villager (Male) |
Match timeline
| 1:29 | jpgoicochea6 · wall_segment Palisade Wall x17 |
| 1:48 | Jezzz_ · wall_segment Palisade Wall x1 |
| 3:57 | 杀我对友别杀我 · wall_segment Palisade Wall x18 |
| 4:38 | 安仁 · wall_segment Palisade Wall x14 |
| 6:22 | 折风月 · wall_segment Palisade Wall x15 |
| 8:58 | jpgoicochea6 · first_building Barracks |
| 10:27 | 折风月 · age_up feudal |
| 10:43 | 杀我对友别杀我 · age_up feudal |
| 10:59 | Sauleta · age_up feudal |
| 11:15 | Jezzz_ · age_up feudal |
| 12:18 | 无敌小曾生 · age_up feudal |
| 12:27 | 安仁 · age_up feudal |
| 13:01 | Jezzz_ · wall_segment Stone Wall x1 |
| 13:31 | 无敌小曾生 · first_building Donjon |
| 14:02 | 无敌小曾生 · first_building Barracks |
| 14:16 | jpgoicochea6 · age_up feudal |
| 14:30 | jpgoicochea6 · first_building Stable |
| 14:31 | 安仁 · first_market_buy 100 food |
| 14:33 | Sauleta · wall_segment Stone Wall x1 |
| 14:35 | Sauleta · wall_segment Stone Wall x1 |
| 14:36 | Sauleta · wall_segment Stone Wall x1 |
| 14:42 | Jezzz_ · first_building Barracks |
| 14:45 | Sauleta · wall_segment Stone Wall x1 |
| 14:46 | Sauleta · wall_segment Stone Wall x1 |
| 14:50 | Sauleta · wall_segment Stone Wall x4 |
| 15:21 | 安仁 · first_market_sell 100 stone |
| 16:04 | Jezzz_ · first_building Archery Range |
| 16:10 | Jezzz_ · first_building Stable |
| 16:31 | 折风月 · age_up castle |
| 17:07 | 折风月 · wall_segment Stone Wall x28 |
| 17:09 | jpgoicochea6 · wall_segment Stone Wall x16 |
| 17:15 | 杀我对友别杀我 · first_building Barracks |
| 17:52 | 折风月 · first_building Monastery |
| 17:52 | Jezzz_ · wall_segment Stone Wall x5 |
| 17:58 | Jezzz_ · wall_segment Stone Wall x7 |
| 18:05 | 安仁 · age_up castle |
| 18:30 | 杀我对友别杀我 · first_building Archery Range |
| 18:31 | zeitbinder · age_up feudal |
| 18:36 | Sauleta · wall_segment Stone Wall x1 |
| 18:44 | Sauleta · wall_segment Stone Wall x2 |
| 18:49 | zeitbinder · wall_segment Stone Wall x12 |
| 18:51 | zeitbinder · wall_segment Stone Wall x4 |
| 18:51 | zeitbinder · wall_segment Stone Wall x5 |
| 18:52 | Sauleta · wall_segment Stone Wall x4 |
| 19:00 | zeitbinder · first_building Stable |
| 19:11 | 折风月 · first_market_buy 100 food |
| 19:18 | 无敌小曾生 · wall_segment Stone Wall x18 |
| 19:37 | 杀我对友别杀我 · wall_segment Stone Wall x13 |
| 19:38 | 杀我对友别杀我 · age_up castle |
| 20:16 | Jezzz_ · wall_segment Stone Wall x13 |
| 20:31 | Jezzz_ · resign |
| 21:05 | Sauleta · first_building Barracks |
| 21:12 | zeitbinder · age_up castle |
| 21:36 | 折风月 · wall_segment Stone Wall x2 |
| 22:58 | Sauleta · first_building Archery Range |
| 23:03 | jpgoicochea6 · first_market_buy 100 food |
| 23:12 | 折风月 · first_building Castle |
| 23:19 | 安仁 · first_building Monastery |
| 23:42 | 折风月 · wall_segment Stone Wall x14 |
| 24:01 | Sauleta · age_up castle |
| 24:08 | Sauleta · first_building Castle |
| 24:56 | 无敌小曾生 · age_up castle |
| 25:08 | zeitbinder · wall_segment Stone Wall x14 |
| 25:11 | 安仁 · first_building Castle |
| 25:44 | 折风月 · first_building Barracks |
| 26:01 | jpgoicochea6 · age_up castle |
| 26:17 | 安仁 · first_building Barracks |
| 27:11 | zeitbinder · first_building Castle |
| 27:14 | 杀我对友别杀我 · first_building Castle |
| 27:21 | 杀我对友别杀我 · first_building Monastery |
| 27:26 | zeitbinder · wall_segment Stone Wall x5 |
| 28:30 | 折风月 · first_building Siege Workshop |
| 28:34 | 安仁 · first_building Stable |
| 28:38 | 安仁 · first_building Archery Range |
| 29:09 | 安仁 · tribute_sent a jugador 1 |
| 29:09 | 安仁 · tribute_sent a jugador 3 |
| 29:09 | 安仁 · tribute_sent a jugador 4 |
| 29:09 | 安仁 · tribute_sent a jugador 5 |
| 29:09 | 安仁 · tribute_sent a jugador 6 |
| 29:09 | 安仁 · tribute_sent a jugador 7 |
| 29:09 | 安仁 · tribute_sent a jugador 8 |
| 30:33 | 安仁 · age_up imperial |
| 31:26 | 无敌小曾生 · first_building Siege Workshop |
| 31:43 | 杀我对友别杀我 · age_up imperial |
[ AI ANALYSIS · 1 CREDIT ]
What really happened in this match?
Wolo.gg analyzes every decision: build order, eco, micro, common mistakes by bracket. Personalized analysis on WhatsApp or Discord in 30 seconds.
Civ guide
Khmer
Perfil
Jugador #17819383